 Dungeon Crawl Stone Soup version 0.17-a0-1399-gd5b76e1 (webtiles) character file.

273 urechis the Spear-Bearer (level 6, -1/44 HPs)
             Began as a Merfolk Gladiator on June 18, 2015.
             Slain by an ogre
             ... wielding a cursed -1 giant club
              (22 damage)
             ... on level 4 of the Dungeon.
             The game lasted 00:08:22 (2965 turns).

urechis the Spear-Bearer (Merfolk Gladiator)        Turns: 2965, Time: 00:08:22

Health: -1/44      AC:  5    Str: 15    XL:     6   Next: 23%
Magic:  15/15      EV: 14    Int:  7    God:
Gold:   182        SH:  0    Dex: 17    Spells: 0 memorised, 5 levels left

rFire  . . .     SeeInvis .     y - +2 quarterstaff (chaos)
rCold  . . .     Clarity  .     b - +0 leather armour
rNeg   . . .     SustAt   .     (no shield)
rPois  .         Gourm    .     c - +0 helmet
rElec  .         Spirit   .     A - +0 cloak {MR+}
rCorr  .         Warding  .     (no gloves)
rMut   .         Stasis   .     (no boots)
MR     +....                    i - amulet of rage
Stlth  +.........               (no ring)
                                n - ring of magical power

@: somewhat resistant to hostile enchantments, very unstealthy
A: change form in water, swift swim
a: Evoke Berserk Rage


You were on level 4 of the Dungeon.
You were very hungry.

You visited 1 branch of the dungeon, and saw 4 of its levels.

You collected 182 gold pieces.

Inventory:

Hand weapons
 a - a +0 trident
 y - a +2 quarterstaff of chaos (weapon)
Missiles
 d - 3 throwing nets (quivered)
Armour
 b - a +0 leather armour (worn)
 c - a +0 helmet (worn)
 A - a +0 cloak of magic resistance (worn)
Jewellery
 i - an amulet of rage (around neck)
 n - a ring of magical power (left hand)
Magical devices
 B - a wand of draining (7)
 D - a wand of cold (4)
Scrolls
 f - a scroll of teleportation {unknown}
 h - 4 scrolls of identify {unknown}
 k - a scroll of fog {unknown}
 l - a scroll of recharging {unknown}
 m - a scroll of random uselessness {unknown}
 q - a scroll of immolation {unknown}
 u - a scroll of enchant weapon {unknown}
 v - a scroll of remove curse {unknown}
 x - a scroll of blinking {unknown}
 C - a scroll of magic mapping {unknown}
Potions
 j - a potion of haste {unknown}
 o - 2 potions of cancellation {unknown}
 p - a potion of lignification {unknown}
 r - a potion of heal wounds {unknown}
 s - a potion of mutation {unknown}
 t - a potion of curing {unknown}
 w - a potion of poison {unknown}
 z - a potion of agility
Comestibles
 e - 5 bread rations
 g - 4 meat rations


   Skills:
 - Level 2.1 Fighting
 + Level 9.7 Polearms
 - Level 2.0 Throwing
 - Level 4.0 Dodging


You had 5 spell levels left.
You didn't know any spells.

Dungeon Overview and Level Annotations

Branches:
Dungeon (4/15)
 Temple: D:4-7

Altars:
Cheibriados
Elyvilon
Gozag
The Shining One

Annotations:
D:2 Sigmund


Message History

No target in view!
No target in view!
You open the door.
There is an open door here.
You open the door. You open the door.
A giant cockroach comes into view.
Found a blackened garnet ring.
An ogre comes into view. It is wielding a giant club.
The giant cockroach barely misses you.
There is an open door here.
You hit the giant cockroach. You freeze the giant cockroach.
You kill the giant cockroach!
You completely miss the ogre. The ogre hits you with a giant club!!
Ouch! That really hurt!
You hit the ogre.
The ogre is lightly wounded.
The ogre hits you with a giant club!!
Ouch! That really hurt!
You die...

....#........'.....#.
+##'######'##.#.....+.
.......†....######..#.
............# #..##
............# #....
###+###'##+## ##.##
+.......'...# ##.##
..###+###'##+## #...'
#.....O@......# ##+##
+........=....# #...#
#.............# #...'
######...###+## #...#
+...+ #...# #...#
#...# ##### #...#..
##..#.. #..+..


You could see an ogre.

Vanquished Creatures
  A hound (D:4)
  Crazy Yiuf (D:3)
  Ijyb (D:3)
  An iguana (D:4)
  5 adders
  3 oozes
  3 worms
  2 giant geckos
  A ball python (D:3)
  13 bats
  4 giant cockroaches
  11 hobgoblins
  10 jackals
  5 kobolds
  A quokka (D:2)
  9 giant newts
  8 goblins
  12 rats
91 creatures vanquished.

Notes
Turn   | Place    | Note
--------------------------------------------------------------
     0 | D:1      | urechis the Merfolk Gladiator began the quest for the Orb.
     0 | D:1      | Reached XP level 1. HP: 16/16 MP: 1/1
    87 | D:1      | Reached skill level 5 in Polearms
   156 | D:1      | Reached XP level 2. HP: 17/22 MP: 2/2
   593 | D:1      | Reached skill level 6 in Polearms
   593 | D:1      | Reached XP level 3. HP: 27/27 MP: 3/3
  1180 | D:2      | Found a white marble altar of Elyvilon.
  1349 | D:2      | Reached skill level 7 in Polearms
  1349 | D:2      | Reached XP level 4. HP: 30/33 MP: 4/4
  1620 | D:2      | Noticed Sigmund
  1818 | D:3      | Noticed Ijyb
  1832 | D:3      | Killed Ijyb
  1832 | D:3      | Reached skill level 8 in Polearms
  1832 | D:3      | Reached XP level 5. HP: 19/38 MP: 5/5
  2093 | D:3      | Found an opulent altar of Gozag.
  2287 | D:3      | Noticed Crazy Yiuf
  2307 | D:3      | Killed Crazy Yiuf
  2371 | D:3      | Reached skill level 9 in Polearms
  2535 | D:4      | Found a glowing golden altar of the Shining One.
  2595 | D:4      | Reached XP level 6. HP: 44/44 MP: 6/6
  2857 | D:4      | Found a snail-covered altar of Cheibriados.
  2960 | D:4      | Noticed an ogre
  2965 | D:4      | Slain by an ogre

Vault maps used:
D:1:      saegor_arrival_simple_e
D:2:      elyvilon_altar_1, first_bread, st_stairs_1, uniq_sigmund
D:3:      grunt_gozag_statues, uniq_crazy_yiuf_cottage, uniq_iyjb
D:4:      nicolae_overflow_crystal_walls, cheibriados_altar_1,
          solitary_fountain, nicolae_tso_carved_into_rock

Action                   |  1- 3 |  4- 6 || total
-------------------------+-------+-------++-------
Melee: Trident           |   135 |   123 ||   258
       Quarterstaff      |       |    45 ||    45
 Stab: Distracted        |     1 |       ||     1
  Eat: Chunk             |     2 |     2 ||     4
       Pizza             |       |     1 ||     1
